 Dungeon Crawl Stone Soup version 0.20-a0-46-g4a4b873 (webtiles) character file.

46322 Diablos the Severer (level 14, -1/166 HPs)
             Began as a Demonspawn Fighter on Nov 14, 2016.
             Was an Initiate of Gozag.
             Slain by a dire elephant (17 damage)
             ... on level 5 of the Lair of Beasts.
             The game lasted 01:07:37 (25018 turns).

Diablos the Severer (Demonspawn Fighter)           Turns: 25018, Time: 01:07:37

Health: -1/166     AC: 27    Str: 23    XL:     14   Next: 4%
Magic:  14/14      EV:  2    Int: 13    God:    Gozag
Gold:   3446       SH: 16    Dex: 18    Spells: 0 memorised, 13 levels left

rFire  + . .     SeeInvis .     a - +0 war axe
rCold  . . .     Gourm    .     (armour currently unavailable)
rNeg   + + +     Faith    .     c - +0 shield
rPois  +         Spirit   .     (helmet currently unavailable)
rElec  .         Reflect  +     (cloak currently unavailable)
rCorr  .         Harm     .     (gloves currently unavailable)
MR     +....     NoTele   +     (boots unavailable)
Stlth  +++.......               L - +6 amulet of reflection
                                g - ring of protection from fire
                                j - ring of poison resistance

@: mighty, agile, tree-form
A: (talons 0), (iridescent scales 0), powered by death 2, powered by pain 2
a: Potion Petition, Call Merchant, Bribe Branch, Renounce Religion


You were on level 5 of the Lair of Beasts.
You worshipped Gozag.
Gozag was most pleased with you.
You were very full.
You were a tree.
You visited 3 branches of the dungeon, and saw 18 of its levels.
You also visited: Sewer and Ice Cave.

You collected 3609 gold pieces.
You paid 163 gold pieces to Gozag.

Inventory:

Hand Weapons
 a - a +0 war axe (weapon)
 l - a +2 spear of venom
 q - a +1 hand axe of flaming
 v - a +2 whip of electrocution
 F - a +0 blowgun
 V - a +0 broad axe
Missiles
 E - 3 curare-tipped needles
Armour
 c - a +0 shield (worn)
 k - a +2 hat (melded)
 o - a +0 plate armour (melded)
 A - a +1 cloak (melded)
 B - a +1 pair of gloves (melded)
 T - a +0 helmet
Jewellery
 g - a ring of protection from fire (right branch)
 j - a ring of poison resistance (left branch)
 p - an uncursed ring of ice
 I - an uncursed ring of ice
 L - a +6 amulet of reflection (around neck)
 Q - an uncursed ring of fire
Wands
 t - a wand of lightning (7/15)
 w - a wand of slowing (25/48)
 y - a wand of disintegration (0/24)
 O - a wand of flame (40/48)
 P - a wand of confusion (14/48)
Scrolls
 e - a scroll of magic mapping
 m - 3 scrolls of remove curse
 u - 4 scrolls of recharging
 C - 2 scrolls of teleportation
 M - 7 scrolls of identify
Potions
 d - 2 potions of lignification
 n - 2 potions of flight
 x - 2 potions of agility
 K - 2 potions of cancellation
 R - a potion of brilliance
 U - a potion of cure mutation
Books
 s - a book of Party Tricks

   Spells                             Type                      Level
   a - Summon Butterflies             Summoning                    1
   b - Apportation                    Translocation                1
   c - Lesser Beckoning               Translocation                3
   d - Tukima's Dance                 Hexes                        3
   e - Alistair's Intoxication        Transmutation/Poison         5
   f - Invisibility                   Hexes                        6
 H - a book of Callings

   Spells                             Type                      Level
   a - Summon Small Mammal            Summoning                    1
   b - Call Imp                       Summoning                    2
   c - Call Canine Familiar           Summoning                    3
   d - Summon Guardian Golem          Hexes/Summoning              3
   e - Summon Lightning Spire         Summoning/Air                4
   f - Summon Ice Beast               Ice/Summoning                4
 S - a book of Changes

   Spells                             Type                      Level
   a - Beastly Appendage              Transmutation                1
   b - Sticks to Snakes               Transmutation                2
   c - Spider Form                    Transmutation/Poison         3
   d - Ice Form                       Ice/Transmutation            4
   e - Blade Hands                    Transmutation                5
Miscellaneous
 h - a lamp of fire (inert)
 J - a phial of floods (inert)
Comestibles
 b - 11 meat rations
 f - 14 bread rations


   Skills:
 + Level 10.5 Fighting
 - Level 16.4 Axes
 - Level 11.3 Armour
 - Level 1.5 Dodging
 + Level 4.0 Shields


You had 13 spell levels left.
You didn't know any spells.

Dungeon Overview and Level Annotations

Branches:
Dungeon (11/15)            Temple (1/1) D:4            Lair (6/6) D:8
 Shoals (0/4) Lair:3       Spider (0/4) Lair:2        Slime (0/5) Lair:6
    Orc: D:9-12

Altars:
Ashenzari
Cheibriados
Dithmenos
Elyvilon
Fedhas
Gozag
Hepliaklqana
Kikubaaqudgha
Makhleb
Nemelex Xobeh
Okawaru
Qazlal
Ru
Sif Muna
Trog
Uskayaw
Vehumet
Xom
Yredelemnul
Zin
The Shining One
Lugonu

Annotations:
D:11 Harold, Sonja
Lair:3 exclusion: 2 oklob plants


Innate Abilities, Weirdness & Mutations

((You have claws for feet.))
((You are partially covered in iridescent scales. (AC +2)))
You regenerate health from kills.
You sometimes gain power by taking damage.


Message History

You feel better.
The plant is engulfed in roaring flames.
The dire elephant tramples you but does no damage.
The dire elephant trunk-slaps you but does no damage.
You feel better.
The plant is engulfed in roaring flames.
The dire elephant tramples you!
* * * LOW HITPOINT WARNING * * *
You block the dire elephant's attack.
You feel better.
You block the dire elephant's attack. x2
You feel better.
The plant is engulfed in roaring flames.
The dire elephant tramples you!
* * * LOW HITPOINT WARNING * * *
The dire elephant trunk-slaps you but does no damage.
You feel better.
The plant is engulfed in roaring flames.
The dire elephant tramples you!
You die...
Your body crumbles into a pile of gold.

##>.....P..P.##...P#.......#..
####........###.....##.PP...#[#.
##..........P.......###P.#.......
.................#...###.#..P...#
.............#......####..PP..#.#
.........>.####PP...# #......####
..........## #§.§...####.....#.#.
...........####Y§....# #..#......
..(.........####♣.#.####..##.#.#P
...#.......#.#...##..##...#######
....##...............###.##
.>#.#P..............## #.#
........#....###.#P## #.##
..#.#...########.### ##..#
##.##....# #.## #..## ##..##).##
#### ##..# P..#...## ###P###
#P..#######


You could see a dire elephant.

Vanquished Creatures
  The ghost of jellojunkie the Eclecticist, a journeyman DEEE of Vehumet (Lair:6)
  Josephine (D:10)
  Fannar (Lair:1)
  5 hydras
  2 death yaks (Lair:5)
  4 hill giants (D:10)
  A harpy (Lair:6)
  2 manticores
  8 elephants
  An ugly thing (D:10)
  A cyclops (D:11)
  3 black mambas
  13 spiny frogs
  5 rime drakes
  11 komodo dragons
  Prince Ribbit (D:7)
  2 polar bears (Lair:6)
  2 trolls
  A two-headed ogre (D:8)
  2 slime creatures
  10 blink frogs
  5 dream sheep (Lair:6)
  6 hippogriffs
  Sigmund (D:4)
  5 wraiths
  A spriggan (D:7)
  8 wyverns
  Eustachio (D:4)
  26 yaks
  2 hungry ghosts
  Grum (D:11)
  A vampire mosquito (Lair:4)
  A death yak simulacrum (IceCv)
  Edmund (D:5)
  4 insubstantial wisps (Lair:4)
  A soldier ant (D:10)
  13 water moccasins
  2 sky beasts
  12 porcupines
  An ice beast (D:5)
  7 orc warriors
  2 phantoms
  8 ogres
  2 necrophages
  6 wolves
  3 centaurs
  15 crocodiles
  4 big kobolds
  13 bullfrogs
  A gnoll sergeant (D:8)
  4 scorpions
  A killer bee (D:9)
  3 wights (D:6)
  4 howler monkeys
  3 electric eels
  A crimson imp (D:8)
  A centaur zombie (D:6)
  3 centaur skeletons
  11 jellies
  A bullfrog zombie (D:6)
  8 orc priests
  Crazy Yiuf (D:7)
  2 gnoll shamans
  6 hounds
  12 orc wizards
  5 iguanas
  Terence (D:3)
  A hell rat (D:8)
  6 worker ants
  A howler monkey zombie (D:5)
  14 gnolls
  16 adders
  2 river rats
  3 shadow imps
  12 white imps (Lair:3)
  4 oozes
  An adder zombie (D:8)
  An adder skeleton (D:9)
  5 worms
  A dart slug (D:1)
  6 leopard geckos
  43 orcs
  15 giant cockroaches
  9 goblins
  5 hobgoblins
  10 jackals
  23 kobolds
  A quokka (D:5)
  9 ball pythons
  8 bats
  7 frilled lizards
  A leopard gecko skeleton (D:7)
  A leopard gecko zombie (D:8)
  A quokka zombie (D:5)
  6 rats
  2 fungi (Lair:5)
  A plant (Lair:5)
512 creatures vanquished.

Vanquished Creatures (others)
  2 centaurs
  An orc (D:8)
  A kobold (D:7)
  15 fungi
  36 plants
55 creatures vanquished.

Grand Total: 567 creatures vanquished

Notes
Turn   | Place    | Note
-------+----------+-------------------------------------------
     0 | D:1      | Diablos the Demonspawn Fighter began the quest for the Orb.
     0 | D:1      | Reached XP level 1. HP: 18/18 MP: 1/1
   290 | D:1      | Gained mutation: You regenerate a little health from kills. [demonic ancestry]
   290 | D:1      | Reached XP level 2. HP: 23/24 MP: 2/2
   376 | D:1      | Reached skill level 2 in Axes
   948 | D:2      | Reached XP level 3. HP: 29/29 MP: 3/3
   982 | D:2      | Reached skill level 3 in Axes
  1001 | D:2      | Found a faded altar of an unknown god.
  1001 | D:2      | Found a hazy altar of Hepliaklqana.
  1007 | D:2      | Found a faded altar of an unknown god.
  1009 | D:2      | Found a faded altar of an unknown god.
  1011 | D:2      | Found a faded altar of an unknown god.
  1059 | D:2      | Found an ancient bone altar of Kikubaaqudgha.
  1338 | D:2      | Found a glowing silver altar of Zin.
  1341 | D:2      | Found a stormy altar of Qazlal.
  1344 | D:2      | Found a shadowy altar of Dithmenos.
  1560 | D:2      | Found an iron altar of Okawaru.
  1560 | D:2      | Found a white marble altar of Elyvilon.
  1662 | D:2      | Found a sparkling altar of Nemelex Xobeh.
  1888 | D:3      | Gained mutation: You sometimes gain a little power by taking damage. [demonic ancestry]
  1888 | D:3      | Reached XP level 4. HP: 32/35 MP: 4/4
  1962 | D:3      | Reached skill level 4 in Axes
  2145 | D:3      | Noticed Terence
  2468 | D:3      | Gained mutation: You are partially covered in iridescent scales. (AC +2) [demonic ancestry]
  2468 | D:3      | Reached XP level 5. HP: 39/41 MP: 5/5
  2480 | D:3      | Found a glowing drain.
  2484 | Sewer    | Entered a sewer
  2767 | Sewer    | Reached skill level 5 in Axes
  2864 | Sewer    | Gained mutation: You have sharp toenails. [demonic ancestry]
  2864 | Sewer    | Reached XP level 6. HP: 45/47 MP: 6/6
  3140 | D:3      | Killed Terence
  3140 | D:3      | Reached skill level 6 in Axes
  3380 | D:4      | Found a shimmering altar of Xom.
  3545 | D:4      | Noticed Eustachio
  3557 | D:4      | Killed Eustachio
  3557 | D:4      | Reached XP level 7. HP: 31/52 MP: 7/7
  3734 | D:4      | Noticed Sigmund
  3782 | D:4      | Killed Sigmund
  3782 | D:4      | Reached skill level 7 in Axes
  3925 | D:4      | Found a staircase to the Ecumenical Temple.
  3933 | D:4      | Reached skill level 8 in Axes
  4159 | D:4      | Found a basalt altar of Yredelemnul.
  4161 | D:4      | Noticed a profane servitor
  4171 | D:4      | Found a glowing golden altar of the Shining One.
  4173 | D:4      | Noticed an angel
  4261 | D:5      | Entered Level 5 of the Dungeon
  4355 | D:5      | Noticed Edmund
  4383 | D:5      | Killed Edmund
  4383 | D:5      | Gained mutation: You have razor-sharp toenails. [demonic ancestry]
  4383 | D:5      | Reached XP level 8. HP: 55/58 MP: 8/8
  4530 | D:5      | Reached skill level 9 in Axes
  4792 | D:5      | Reached skill level 10 in Axes
  4863 | D:5      | Found a blossoming altar of Fedhas.
  6095 | D:5      | Found a deep blue altar of Sif Muna.
  6252 | D:6      | Reached XP level 9. HP: 64/64 MP: 9/9
  6562 | D:6      | Reached skill level 11 in Axes
  6975 | D:7      | Found a deep blue altar of Sif Muna.
  7480 | D:7      | Noticed Prince Ribbit
  7486 | D:7      | Killed Prince Ribbit
  7486 | D:7      | Reached skill level 12 in Axes
  7506 | D:7      | Found a runed door.
  7510 | D:7      | Noticed Crazy Yiuf
  7513 | D:7      | Killed Crazy Yiuf
  7707 | D:7      | Reached skill level 1 in Dodging
  7934 | D:8      | Found a staircase to the Lair.
  7992 | D:8      | Noticed a death yak
  8007 | D:8      | Reached skill level 5 in Fighting
  8646 | D:8      | Gained mutation: You regenerate health from kills. [demonic ancestry]
  8646 | D:8      | Reached XP level 10. HP: 74/74 MP: 10/10
 10308 | Temple   | Entered the Ecumenical Temple
 10967 | D:9      | Found an opulent altar of Gozag.
 11424 | D:9      | Became a worshipper of Gozag Ym Sagoz the Greedy
 11822 | D:10     | Entered Level 10 of the Dungeon
 11996 | D:10     | Noticed a hill giant
 12025 | D:10     | Killed a hill giant
 12164 | D:10     | Reached skill level 10 in Fighting
 12223 | D:10     | Noticed a hill giant
 12237 | D:10     | Killed a hill giant
 12434 | D:10     | Noticed Josephine
 12475 | D:9      | Reached XP level 11. HP: 90/90 MP: 11/11
 12501 | D:10     | Killed Josephine
 12501 | D:10     | Reached skill level 5 in Armour
 12893 | D:10     | Noticed a hill giant
 12906 | D:10     | Killed a hill giant
 13192 | D:10     | Noticed a hill giant
 13219 | D:10     | Killed a hill giant
 13899 | D:11     | Noticed Grum
 13909 | D:11     | Noticed a hill giant
 13914 | D:11     | Noticed Harold
 13997 | D:11     | Noticed a red ugly thing
 14036 | D:10     | Killed a red ugly thing
 14373 | D:11     | Killed Grum
 14444 | D:11     | Noticed Sonja
 14566 | Lair:1   | Entered Level 1 of the Lair of Beasts
 15289 | Lair:1   | Reached skill level 10 in Armour
 15347 | Lair:1   | Noticed Fannar
 15380 | Lair:1   | Killed Fannar
 15380 | Lair:1   | Gained mutation: You have claws for feet. [demonic ancestry]
 15380 | Lair:1   | Reached XP level 12. HP: 58/97 MP: 12/12
 15657 | Lair:1   | Got an ichor-stained chain mail
 16100 | Lair:1   | Identified the +6 chain mail of Distant Shores {Str-5 Int+4 Dex+2} (You found it on level 1 of the Lair of Beasts)
 16854 | Lair:2   | Found a hole to the Spider Nest.
 17370 | Lair:3   | Noticed a seven-headed hydra
 17387 | Lair:3   | Killed a one-headed hydra
 17891 | Lair:3   | Found a frozen archway.
 17900 | IceCv    | Entered an ice cave
 18175 | Lair:3   | Reached skill level 13 in Axes
 18526 | Lair:3   | Found a staircase to the Shoals.
 20292 | Lair:4   | Noticed a seven-headed hydra
 20309 | Lair:4   | Killed a one-headed hydra
 20309 | Lair:4   | Reached skill level 14 in Axes
 20641 | Lair:5   | Noticed a death yak
 20643 | Lair:5   | Noticed a death yak
 20693 | Lair:5   | Killed a death yak
 20693 | Lair:5   | Gained mutation: You sometimes gain power by taking damage. [demonic ancestry]
 20693 | Lair:5   | Reached XP level 13. HP: 47/103 MP: 13/13
 21827 | Lair:6   | Entered Level 6 of the Lair of Beasts
 21858 | Lair:5   | Reached skill level 15 in Axes
 22104 | Lair:6   | Noticed jellojunkie's ghost (journeyman DEEE)
 22174 | Lair:6   | Killed jellojunkie's ghost
 22394 | Lair:6   | Found a staircase to the Slime Pits.
 23132 | Lair:6   | Reached skill level 16 in Axes
 24107 | Lair:6   | Reached XP level 14. HP: 32/111 MP: 14/14
 25013 | Lair:5   | HP: 2/166 [dire elephant (23)]
 25018 | Lair:5   | Slain by a dire elephant

Vault maps used:
D:1:      evilmike_arrival_home_sweet_home
D:2:      nicolae_overflow_hidden_temple, grunt_temple_overflow_diamond,
          kiku_gazebo_pond_becter, chequers_temple_overflow_minitemple,
          nemelex_xobeh_ov_fountains_minmay
D:3:      first_bread, gup_sewer_entry_spiral, uniq_terence
D:4:      grunt_temple_overflow_holy_war, xom_teletrap_fun, uniq_eustachio,
          uniq_sigmund
D:5:      overflow_temple_1_default, kennysheep_mini, minmay_misc_feat_chi,
          serial_bayou_lagoon_b, uniq_edmund
D:7:      basic_altar, the_bakery, uniq_prince_ribbit1, uniq_crazy_yiuf_cottage
D:8:      dpeg_lair_monsters, roderic_bipointed_swastika
D:9:      nicolae_overflow_crystal_walls, kennysheep_generic_room_4
D:10:     uniq_josephine
D:11:     minmay_bent, uniq_grum, uniq_sonja, uniq_harold
Temple:   corrupted_temple
Lair:1:   grunt_forest_large_clearings, serial_bayou_shore_b, uniq_fannar
Lair:2:   nicolae_spider_entry_non_spiders, disabler_island, lemuel_fruit_fields
Lair:3:   minmay_lair_oklob_chamber, minmay_shoals_entry_centaurs,
          portal_ice_cave_entry_imps, grunt_megastairs_2,
          infiniplex_staircase_pool
Lair:4:   pond
Lair:5:   beast_lair_carwin_3
Lair:6:   gammafunk_lair_ancient_temple, minmay_slime_entry_jelly_boxes,
          serial_bayou_shore_b
Sewer:    sewer_frog_island_01
IceCv:    ice_cave_small_necro

Skill      XL: |  1  2  3  4  5  6  7  8  9 10 11 12 13 14 |
---------------+-------------------------------------------+-----
Axes           | 2 3 4 5 6 8 10 12 14 16 | 16.4
Dodging        | 1 |  1.5
Fighting       | 5 10 | 10.5
Armour         | 4 10 11 | 11.3
Shields        | 3 4 |  4.0

Action                   |  1- 3 |  4- 6 |  7- 9 | 10-12 | 13-15 || total
-------------------------+-------+-------+-------+-------+-------++-------
Melee: War axe           |   105 |   200 |   165 |   144 |   706 ||  1320
       Kick              |       |    14 |   149 |   435 |   274 ||   872
       Whip              |       |       |   346 |   557 |       ||   903
       Spear             |       |       |       |   768 |       ||   768
       Hand axe          |       |       |       |    30 |    25 ||    55
 Fire: Blowgun           |       |       |       |    21 |       ||    21
Throw: Throwing net      |       |       |       |     1 |       ||     1
Evoke: Wand              |       |     1 |     8 |    12 |     1 ||    22
       Lamp of fire      |       |       |       |     1 |     1 ||     2
       Phial of floods   |       |       |       |       |     1 ||     1
  Use: Scroll            |     1 |     7 |     7 |    11 |     4 ||    30
       Potion            |       |     1 |     2 |     6 |    13 ||    22
 Stab: Distracted        |       |       |       |     1 |     3 ||     4
       Held in net/web   |       |       |       |     1 |       ||     1
  Eat: Chunk             |     3 |     6 |    15 |    13 |       ||    37
       Beef jerky        |       |       |     1 |     2 |       ||     3
       Fruit             |       |       |       |    21 |    26 ||    47
       Bread ration      |       |       |       |     2 |       ||     2
Armor: Scale mail        |    29 |       |       |       |       ||    29
       Chain mail        |    23 |   117 |   176 |   181 |       ||   497
       Skin              |       |       |     1 |       |     7 ||     8
       Plate armour      |       |       |       |   359 |   382 ||   741
Dodge: Dodged            |    24 |    27 |    62 |   137 |    88 ||   338
Block: Shield            |    45 |   131 |   227 |   769 |   489 ||  1661
       Reflection        |       |     2 |     9 |    24 |     7 ||    42
